AoeStats
← droidebhz

Arena

509249658Analyzed
4v4 RM · 5d ago on Sep 26, 2026· 94m 7s· 8 players
Game mode
Random Map
Map size
Large (8 player)
Population
200
Speed
Normal
Resources
Standard
Victory
Conquest
Starting age
Dark Age
Ending age
Imperial Age
RankedLock teamsTeams togetherTeam positionsShared explorationLock speedFull tech treeHidden civsTurbo modeCheats
Victory
Defeat
🇨🇳 Persians · China
629
+13
🇨🇦 Byzantines · Canada
578
+15
🇳🇿 Romans · New Zealand
564
+15
556
+16
🇺🇸 Dravidians · United States
675
-19
🇧🇷 Byzantines · Brazil
635
-18
🇨🇳 Mongols · China
452
-11
🇺🇸 Britons · United States
449
-11
DK3175
11:44 Feudal Age
17:00 Castle Age
22:05 Wheelbarrow
21:22 Horse Collar
25:40 Heavy Plow
26:24 Double-Bit Axe
27:58 Wheelbarrow
28:58 Forging
28:50 Scale Mail Armor
28:15 Man-at-Arms
29:16 Hand Cart
29:17 Bow Saw
29:33 Long Swordsman
30:56 Iron Casting
30:38 Chain Mail Armor
33:21 Imperial Age
32:00 Squires
32:09 Ballistas
34:46 Conscription
33:50 Legionary
35:36 Blast Furnace
40:41 Chemistry
39:07 Heavy Scorpion
90:54 Spies/Treason
chatonbrutal
8:20 Loom
13:11 Feudal Age
19:45 Castle Age
18:26 Double-Bit Axe
22:36 Fervor
34:54 Imperial Age
35:15 Bow Saw
34:49 Horse Collar
37:34 Chemistry
36:55 Ballistics
36:16 Treadmill Crane
37:37 Heavy Plow
37:29 Stone Mining
37:29 Gold Mining
38:43 Two-Man Saw
38:55 Wheelbarrow
40:07 Hand Cart
39:29 Pikeman
39:30 Elite Varangian Guard
39:56 Arson
40:11 Squires
39:57 Gambesons
39:42 Elite Skirmisher
39:42 Crossbowman
40:28 Thumb Ring
40:13 Arrowslits
40:18 Guard Tower
40:39 Fortified Wall
40:25 Murder Holes
40:23 Fletching
40:33 Padded Archer Armor
41:57 Guilds
42:18 Coinage
41:48 Caravan
42:09 Leather Archer Armor
41:50 Bodkin Arrow
41:55 Scale Mail Armor
42:05 Forging
42:34 Keep
41:36 Arbalester
42:26 Husbandry
43:06 Gold Shaft Mining
43:06 Stone Shaft Mining
43:39 Ring Archer Armor
43:22 Redemption
43:13 Devotion
43:48 Theocracy
43:39 Illumination
43:30 Block Printing
43:36 Sanctity
43:41 Halberdier
55:11 Faith
55:11 Heresy
54:52 Atonement
55:11 Chain Mail Armor
55:31 Iron Casting
54:56 Bracer
55:02 Scale Barding Armor
55:32 Crop Rotation
56:16 Banking
62:25 Chain Barding Armor
62:35 Plate Mail Armor
65:03 Conscription
64:04 Elite Cataphract
64:55 Logistica
75:01 Light Cavalry
76:57 Hussar
89:24 Spies/Treason
2824533090
10:44 Feudal Age
15:25 Horse Collar
21:31 Castle Age
19:47 Gold Mining
20:31 Stone Mining
20:34 Double-Bit Axe
23:49 Gold Shaft Mining
27:53 Bow Saw
28:55 Man-at-Arms
34:32 Imperial Age
34:58 Cavalier
37:59 Wheelbarrow
37:13 Town Watch
38:07 Hoardings
37:40 Husbandry
37:51 Bloodlines
40:08 Masonry
41:29 Pikeman
41:38 Elite War Elephant
42:53 Squires
42:40 Gambesons
44:09 Hand Cart
44:32 Savar
55:12 Heavy Scorpion
55:48 Capped Ram
57:11 Siege Ram
74:54 Conscription
75:46 Heavy Plow
76:53 Two-Man Saw
77:58 Fervor
78:58 Architecture
78:30 Murder Holes
A7NationAshyCouldn'tHoldMeBack
0:41 Loom
9:52 Double-Bit Axe
11:41 Feudal Age
12:08 Horse Collar
12:43 Bow Saw
15:48 Heavy Plow
20:06 Gold Mining
23:56 Castle Age
23:37 Gold Shaft Mining
24:16 Cavalier
24:59 Husbandry
25:06 Scale Barding Armor
25:11 Forging
26:06 Caravan
27:18 Crop Rotation
45:14 Chain Barding Armor
45:29 Iron Casting
66:24 Burgundian Vineyards
67:46 Man-at-Arms
68:27 Squires
CaptainKruschel
0:49 Loom
12:39 Feudal Age
14:00 Horse Collar
15:20 Wheelbarrow
15:34 Double-Bit Axe
15:55 Gold Mining
16:41 Stone Mining
23:21 Castle Age
21:27 Fletching
22:17 Padded Archer Armor
23:24 Forging
23:20 Scale Barding Armor
24:30 Heavy Plow
24:47 Bodkin Arrow
25:09 Leather Archer Armor
25:55 Bow Saw
29:24 Iron Casting
29:51 Medical Corps
31:37 Caravan
33:37 Ballistics
33:42 Chain Barding Armor
33:27 Husbandry
35:05 Thumb Ring
42:38 Imperial Age
42:39 Elite Elephant Archer
44:31 Chemistry
44:21 Bracer
44:53 Ring Archer Armor
46:32 Blast Furnace
46:57 Hand Cart
47:59 Siege Elephant
49:46 Siege Elephant
50:12 Siege Elephant
Skaagen4724
9:13 Loom
12:47 Feudal Age
14:05 Wheelbarrow
13:16 Town Watch
13:21 Double-Bit Axe
13:32 Gold Mining
14:48 Stone Mining
18:02 Horse Collar
21:49 Arson
23:08 Fletching
26:28 Castle Age
24:51 Padded Archer Armor
28:00 Hand Cart
27:46 Town Patrol
29:36 Bow Saw
31:42 Heavy Plow
32:21 Gold Shaft Mining
32:24 Caravan
34:28 Bodkin Arrow
33:58 Crossbowman
34:45 Squires
36:07 Scale Mail Armor
36:17 Forging
43:34 Imperial Age
40:33 Pikeman
40:43 Elite Skirmisher
43:18 Leather Archer Armor
43:19 Chain Mail Armor
43:09 Scale Barding Armor
43:40 Iron Casting
45:45 Two-Man Saw
44:49 Bracer
45:27 Capped Ram
47:52 Conscription
47:03 Sappers
48:08 Hoardings
47:34 Warwolf
47:58 Masonry
47:29 Treadmill Crane
47:59 Fortified Wall
47:40 Guard Tower
47:55 Arrowslits
48:31 Ballistics
48:35 Halberdier
56:53 Keep
56:13 Murder Holes
56:49 Architecture
56:10 Heated Shot
57:21 Chemistry
60:56 Elite Longbowman
62:01 Yeomen
68:06 Siege Engineers
droidebhz
1:35 Loom
2:35 Loom
13:39 Feudal Age
20:11 Castle Age
21:50 Double-Bit Axe
21:53 Horse Collar
26:06 Wheelbarrow
26:31 Bow Saw
26:42 Heavy Plow
28:59 Hand Cart
30:13 Pikeman
30:54 Squires
30:40 Arson
34:06 Imperial Age
32:27 Gold Mining
32:32 Stone Mining
32:52 Caravan
33:06 Forging
32:57 Scale Mail Armor
33:02 Scale Barding Armor
32:40 Treadmill Crane
32:57 Murder Holes
33:12 Fortified Wall
33:23 Ballistics
34:55 Gold Shaft Mining
34:57 Stone Shaft Mining
37:11 Two-Man Saw
36:44 Crop Rotation
37:19 Chemistry
36:10 Guard Tower
36:06 Arrowslits
36:28 Husbandry
35:49 Light Cavalry
35:52 Heavy Camel Rider
35:56 Halberdier
36:08 Capped Ram
37:43 Conscription
38:05 Elite Skirmisher
41:26 Iron Casting
40:53 Padded Archer Armor
40:44 Fletching
41:55 Siege Ram
44:39 Hussar
53:40 Elite Cataphract
54:33 Logistica
65:36 Chain Mail Armor
65:41 Chain Barding Armor
65:37 Leather Archer Armor
65:18 Bodkin Arrow
趁着风起拿下你
12:11 Feudal Age
18:11 Castle Age
23:46 Double-Bit Axe
23:42 Horse Collar
24:03 Gold Mining
24:10 Stone Mining
27:04 Bow Saw
26:56 Heavy Plow
34:08 Gold Shaft Mining
34:09 Stone Shaft Mining
33:56 Forging
33:46 Scale Mail Armor
33:51 Scale Barding Armor
33:36 Fletching
33:46 Padded Archer Armor
36:24 Coinage
37:49 Fortified Wall
38:01 Ballistics
39:15 Chain Barding Armor
39:16 Chain Mail Armor
40:08 Caravan
40:58 Wheelbarrow
41:04 Leather Archer Armor
40:46 Bodkin Arrow
41:28 Iron Casting
43:59 Hand Cart
46:48 Imperial Age
48:07 Plate Mail Armor
48:37 Blast Furnace
47:38 Bracer
48:42 Chemistry
47:33 Guard Tower
47:39 Murder Holes
47:50 Siege Engineers
47:55 Masonry
47:19 Elite Mangudai
48:00 Nomads
48:29 Drill
47:41 Sappers
48:47 Hoardings
48:51 Conscription
48:21 Pikeman
49:01 Squires
48:47 Arson
48:24 Man-at-Arms
49:45 Loom
49:46 Town Watch
50:39 Banking
51:56 Long Swordsman
54:16 Elite Skirmisher
54:22 Crossbowman
55:08 Thumb Ring
55:05 Arbalester
55:06 Heavy Cavalry Archer
56:12 Parthian Tactics
56:23 Two-Handed Swordsman
58:01 Elite Steppe Lancer
58:03 Light Cavalry
58:54 Bloodlines
58:45 Husbandry
59:47 Heavy Camel Rider
59:50 Hussar
60:31 Cavalier
65:14 Champion
67:43 Capped Ram
70:37 Heavy Scorpion
Connection lost

Rejoining the realm…

Still unreachable

The connection could not be restored.

Session expired

The server has moved on; the page needs a fresh start.